 BcadrenCrawl: Boulder Brew version 0.03.3-1-g38dd3f9d43 (webtiles) character file.

Game seed: 16375697051033546137, levelgen mode: deterministic

144 funkygono the Skirmisher (level 5, 0/37 HPs) Lignifite Fighter. Began on Mar 8, 2021. Slain by a sewer rat (4 damage) ... on level 2 of the Dungeon. The game lasted 00:03:11 (1242 turns).

funkygono the Skirmisher (Lignifite Fighter)        Turns: 1242, Time: 00:03:12

Health: 0/37       AC:  1    Str: 23    XL:     5 ^: 174
Magic:  6/6        EV: 14    Int:  9    God:
Gold:   57         SH:  3    Dex:  7    Spells: 4/4 levels left

rFire    x . .     Vision   .   a - +0 flail
rCold    . . .     Gourm    .   c - +0 buckler
rNeg     . . .     Faith    .   b - +0 robe
rPois    +         Spirit   .   (helmet restricted)
rElec    .         Reflect  .   (no cloak)
rCorr    .         Harm     .   (gloves unavailable)
MR       .....                  (boots unavailable)
Stlth    +.........             (no amulet)
HPRegen  0.22/turn              (no ring)
MPRegen  0.16/turn              (no ring)

@: very quick
A: small, rF-, deformed body, speed 2, poison resistance, slow metabolism 1,
torment resistance, plant, rot immunity
a: no special abilities


You were on level 2 of the Dungeon.
You were not hungry.

You visited 1 branch of the dungeon, and saw 2 of its levels.

You collected 57 gold pieces.

Inventory:

Weapons
 a - a +0 flail (weapon) Shields
 c - a +0 buckler (shield)
Armour
 b - a +0 robe (worn)
Jewellery
 e - a cursed amulet of harm {(Curse: MR-)}
Scrolls
 h - a scroll of fear
 j - 2 scrolls of torment
Potions
 d - a potion of might
 i - a potion of curing
Comestibles
 f - 2 rations
 g - a chunk of flesh


   Skills:
 + Level 3.7 Fighting
 + Level 3.5 Whips & Flails
 + Level 3.7 Dodging
 + Level 0.1 Stealth
 + Level 3.5 Shields


You had 4 spell levels left.
You didn't know any spells.
Your spell library was empty.

Dungeon Overview and Level Annotations

Branches:
Dungeon (2/8)

Altars:


Innate Abilities, Weirdness & Mutations

Your woody flesh burns easily. (rF-)
A tangle of shorter branches protects your body from attack. (+2 SH)
You are small and have problems with some larger weapons.
Armour fits poorly on your strangely shaped body.
You cover ground very quickly.
Your system is resistant to poisons. (rPois)
You have a slow metabolism.
You are immune to unholy pain and torment.
You require very little carbon dioxide to survive.
You are immune to rotting.


Message History

You enter the shallow water.
Moving in this stuff is going to be slow.
Things that are here:
a cursed amulet of rage {(Curse: *Tele)} a sewer rat corpse; a kobold corpse You enter the shallow water.
Moving in this stuff is going to be slow.
The sewer rat closely misses you (0). The sewer rat barely misses you (0).
You closely miss the sewer rat. You block the sewer rat's attack.
You barely miss the sewer rat. The sewer rat bites you (3).
* * * LOW HITPOINT WARNING * * *
The sewer rat bites the withered plant (2).
The sewer rat bites you (5).
* * * LOW HITPOINT WARNING * * *
The sewer rat bites the withered plant (1).
You closely miss the sewer rat.
The sewer rat bites the withered plant (4).
The withered plant is destroyed!
The sewer rat bites you (4).
You die...

≈≈≈≈≈P#...bb##≈.....≈.#
≈≈≈#†###...##..≈...#≈.≈
≈≈ #≈# ##.≈#..###### ≈
#≈≈# #####.≈# ..##
#≈.### ..≈≈ ##≈≈[##
≈..#. ####.≈.# ≈≈.≈ ..
#..##.≈# ≈≈.. ≈#
##≈.≈r≈@# ≈≈≈# ##
#P≈#.rr######
#.÷###r.##≈)##.≈#
#≈≈##≈.≈.≈b†.≈..#
##.≈#†≈#..#†..≈≈#
##.≈##..#####..#≈#
#≈..#b.## .≈# #..##≈.#
## ##....##


You could see 4 submerged sewer rats.

Vanquished Creatures
  2 giant cockroaches (D:1)
  An adder (D:2)
  6 sewer rats (D:2)
  3 cinder newts
  A dart slug (D:1)
  2 leopard geckos
  A ball python (D:2)
  A goblin (D:1)
  4 hobgoblins (D:1)
  5 kobolds
  4 bats (D:1)
  7 rats (D:1)
  2 withered plants (D:2)
39 creatures vanquished.

Vanquished Creatures (others)
  A kobold (D:2)
  4 plants (D:2)
  2 slimeheads (D:2)
  49 withered plants (D:2)
56 creatures vanquished.

Grand Total: 95 creatures vanquished

Notes
Turn   | Place    | Note
-------+----------+-------------------------------------------
     0 | D:1      | funkygono the Lignifite Fighter began the quest for the
                  | Orb.
     0 | D:1      | Reached XP level 1. HP: 16/16 MP: 2/2
   151 | D:1      | Reached XP level 2. HP: 20/21 MP: 3/3
   238 | D:1      | Reached XP level 3. HP: 14/26 MP: 4/4
   800 | D:1      | Reached XP level 4. HP: 25/31 MP: 5/5
  1184 | D:2      | Noticed a big kobold
  1206 | D:2      | Reached XP level 5. HP: 11/37 MP: 6/6
  1242 | D:2      | Slain by a sewer rat

Levels and vault maps discovered:
D:1:      evilmike_arrival_rings, layout_basic, minmay_misc_feat_four_crosses,
          corner_web_ring
D:2:      gammafunk_wand_slinger, layout_sewer, old_standard_altar,
          sewer_frog_pond, first_ration, uniq_edmund

Skill      XL: |  1  2  3 |
---------------+----------+-----
Dodging        | 3 |  3.7
Whips & Flails | 3 |  3.5
Fighting       | |  3.7
Stealth        | |  0.1
Shields        | |  3.5

Action                   |  1- 3 |  4- 6 || total
-------------------------+-------+-------++-------
Melee: Flail             |    58 |   147 ||   205
  Use: Potion            |       |     1 ||     1
Armor: Robe              |     7 |    12 ||    19
Dodge: Dodged            |    61 |   169 ||   230
Block: Buckler           |     6 |    18 ||    24
